MID
QUAD CITIES RIVER BANDITS @ DELMARVA SHOREBIRDS
05/27/2044
 
TOP OF THE 1ST
Quad Cities River Bandits batting - Pitching for Delmarva Shorebirds : RHP Jose Rico
Pitching: RHP Jose Rico
Batting: LHB Kelvin Jones 0-0: Swinging Strike
0-1: Foul Ball, location: 2F
0-2: Ball
1-2: Ball
2-2: Fly out, F9 (Flyball, 89M, EV 93.1 MPH)
Batting: LHB Doug Anderson 0-0: Called Strike
0-1: Ball
1-1: Ground out 4-3 (Groundball, 34, EV 86.3 MPH)
Batting: SHB Troy Kenyon 0-0: Fly out, F9 (Flyball, 9LD, EV 88.8 MPH)
Top of the 1st over - 0 runs, 0 hits, 0 errors, 0 left on base; Quad Cities 0 - Delmarva 0
BOTTOM OF THE 1ST
Delmarva Shorebirds batting - Pitching for Quad Cities River Bandits : RHP Isaiah McLaurin
Pitching: RHP Isaiah McLaurin
Batting: LHB Pat Shaddock 0-0: Foul Ball, location: 2F
0-1: Ball
1-1: Ball
2-1: Swinging Strike
2-2: Foul Ball, location: 2F
2-2: Strikes out swinging
Batting: RHB Francisco Viera 0-0: Ball
1-0: Ball
2-0: Ball
3-0: Base on Balls
Batting: LHB Andrew Erens 0-0: Ball
1-0: Ball
2-0: Ball
3-0: Base on Balls
Francisco Viera to second
Batting: RHB Dan Staggs 0-0: Ball
1-0: Foul Ball, location: 2F
1-1: Ball
2-1: Foul Ball, location: 2F
2-2: Strikes out swinging
Batting: RHB Willie Manrique 0-0: Swinging Strike
0-1: Called Strike
0-2: Strikes out swinging
Bottom of the 1st over - 0 runs, 0 hits, 0 errors, 2 left on base; Quad Cities 0 - Delmarva 0
TOP OF THE 2ND
Quad Cities River Bandits batting - Pitching for Delmarva Shorebirds : RHP Jose Rico
Batting: LHB Angelo Vasquez 0-0: Called Strike
0-1: Called Strike
0-2: Foul Ball, location: 2F
0-2: Ground out 5-3 (Groundball, 5, EV 85.6 MPH)
Batting: RHB Pete Isley 0-0: Ball
1-0: Called Strike
1-1: Ball
2-1: Ground out U3 (Groundball, 34, EV 104.4 MPH)
Batting: SHB Paskar Adegoke 0-0: Ball
1-0: Called Strike
1-1: Foul Ball, location: 2F
1-2: Ball
2-2: Foul Ball, location: 2F
2-2: Strikes out swinging
Top of the 2nd over - 0 runs, 0 hits, 0 errors, 0 left on base; Quad Cities 0 - Delmarva 0
BOTTOM OF THE 2ND
Delmarva Shorebirds batting - Pitching for Quad Cities River Bandits : RHP Isaiah McLaurin
Batting: LHB Momoru Yasui 0-0: Called Strike
0-1: Ball
1-1: Ball
2-1: Foul Ball, location: 2F
2-2: Strikes out swinging
Batting: RHB Mario Luna 0-0: Called Strike
0-1: Reached on error, E1 (Groundball, 25, EV 65.6 MPH)
Batting: RHB Julio Ehm 0-0: Called Strike
Mario Luna steals 2nd base
0-1: Foul Ball, location: 2F
0-2: Strikes out looking
Batting: LHB Rodolfo Montes 0-0: Called Strike
0-1: Swinging Strike
0-2: Ball
1-2: Foul Ball, location: 2F
1-2: Ball
2-2: Foul Ball, location: 2F
2-2: Ball
3-2: Strikes out swinging
Bottom of the 2nd over - 0 runs, 0 hits, 1 error, 1 left on base; Quad Cities 0 - Delmarva 0
TOP OF THE 3RD
Quad Cities River Bandits batting - Pitching for Delmarva Shorebirds : RHP Jose Rico
Batting: RHB Joe Cook 0-0: Ball
1-0: Called Strike
1-1: Called Strike
1-2: Fly out, F7 (Line Drive, 7, EV 98.1 MPH)
Batting: RHB Colin Cranford 0-0: Called Strike
0-1: Ball
1-1: Ball
2-1: Ball
3-1: Swinging Strike
3-2: Ground out 4-3 (Groundball, 4, EV 83.1 MPH)
Batting: RHB Steve Moore 0-0: Ground out 6-3 (Groundball, 6, EV 107.5 MPH)
Top of the 3rd over - 0 runs, 0 hits, 0 errors, 0 left on base; Quad Cities 0 - Delmarva 0
BOTTOM OF THE 3RD
Delmarva Shorebirds batting - Pitching for Quad Cities River Bandits : RHP Isaiah McLaurin
Batting: LHB Pat Shaddock 0-0: Ball
1-0: Ball
2-0: Called Strike
2-1: Ball
3-1: Foul Ball, location: 2F
3-2: SOLO HOME RUN (Flyball, 9D, EV 97.5 MPH), Distance : 375 ft
Batting: RHB Francisco Viera 0-0: Called Strike
0-1: Foul Ball, location: 2F
0-2: Foul Ball, location: 2F
0-2: Strikes out swinging
Batting: LHB Andrew Erens 0-0: Ball
1-0: Called Strike
1-1: Foul Ball, location: 2F
1-2: Ball
2-2: Foul Ball, location: 2F
2-2: Ground out U3 (Groundball, 3L, EV 83.8 MPH)
Batting: RHB Dan Staggs 0-0: Swinging Strike
0-1: Foul Ball, location: 2F
0-2: Ball
1-2: Strikes out swinging
Bottom of the 3rd over - 1 run, 1 hit, 0 errors, 0 left on base; Quad Cities 0 - Delmarva 1
TOP OF THE 4TH
Quad Cities River Bandits batting - Pitching for Delmarva Shorebirds : RHP Jose Rico
Batting: LHB Kelvin Jones 0-0: Ball
1-0: Called Strike
1-1: Foul Ball, location: 2F
1-2: Foul Ball, location: 2F
1-2: Ball
2-2: Strikes out swinging
Batting: LHB Doug Anderson 0-0: Ball
1-0: Foul Ball, location: 2F
1-1: Called Strike
1-2: Strikes out swinging
Batting: SHB Troy Kenyon 0-0: Ball
1-0: Called Strike
1-1: Foul Ball, location: 2F
1-2: SINGLE (Groundball, 34D, EV 96.3 MPH)
Batting: LHB Angelo Vasquez 0-0: Foul Ball, location: 2F
0-1: Called Strike
0-2: Ball
1-2: Strikes out swinging
Top of the 4th over - 0 runs, 1 hit, 0 errors, 1 left on base; Quad Cities 0 - Delmarva 1
BOTTOM OF THE 4TH
Delmarva Shorebirds batting - Pitching for Quad Cities River Bandits : RHP Isaiah McLaurin
Batting: RHB Willie Manrique 0-0: Fly out, F5 (Popup, 5F, EV 71.3 MPH)
Batting: LHB Momoru Yasui 0-0: Ball
1-0: Swinging Strike
1-1: Hit by Pitch
Batting: RHB Mario Luna 0-0: Called Strike
0-1: Ball
1-1: Ball
2-1: Fielders Choice at 2nd, 6-4 (Groundball, 6, EV 88.8 MPH)
Batting: RHB Julio Ehm 0-0: Ball
1-0: Swinging Strike
1-1: Swinging Strike
1-2: Strikes out swinging
Bottom of the 4th over - 0 runs, 0 hits, 0 errors, 1 left on base; Quad Cities 0 - Delmarva 1
TOP OF THE 5TH
Quad Cities River Bandits batting - Pitching for Delmarva Shorebirds : RHP Jose Rico
Batting: RHB Pete Isley 0-0: Ball
1-0: Ball
2-0: Called Strike
2-1: Ball
3-1: Foul Ball, location: 2F
3-2: Ground out 4-3 (Groundball, 4, EV 86.3 MPH)
Batting: SHB Paskar Adegoke 0-0: Ball
1-0: Ball
2-0: Foul Ball, location: 2F
2-1: Foul Ball, location: 2F
2-2: Fly out, F9 (Flyball, 8RD, EV 90.0 MPH)
Batting: RHB Joe Cook 0-0: SINGLE (Groundball, 34D, EV 108.8 MPH)
Batting: RHB Colin Cranford 0-0: Ball
Joe Cook steals 2nd, throwing error, E2
Joe Cook to third
1-0: Ball
2-0: Ball
3-0: Called Strike
3-1: Ground out 4-3 (Groundball, 34, EV 110.6 MPH)
Top of the 5th over - 0 runs, 1 hit, 1 error, 1 left on base; Quad Cities 0 - Delmarva 1
BOTTOM OF THE 5TH
Delmarva Shorebirds batting - Pitching for Quad Cities River Bandits : RHP Isaiah McLaurin
Batting: LHB Rodolfo Montes 0-0: Ball
1-0: Ball
2-0: Hit by Pitch
Batting: LHB Pat Shaddock 0-0: Ball
1-0: Called Strike
Rodolfo Montes is caught stealing 2nd base 2-6
1-1: SINGLE (Line Drive, 7S, EV 100.0 MPH)
Batting: RHB Francisco Viera 0-0: Foul Ball, location: 2F
0-1: Hit by Pitch
Pat Shaddock to second
Batting: LHB Andrew Erens 0-0: Ball
Pat Shaddock steals 3rd base
Francisco Viera to second
1-0: Ground out 5-3 (Groundball, 56S, EV 84.4 MPH)
Batting: RHB Dan Staggs 0-0: Called Strike
0-1: Ball
1-1: Swinging Strike
1-2: Ball
2-2: Ball
3-2: Ground out 5-3 (Groundball, 56, EV 108.1 MPH)
Bottom of the 5th over - 0 runs, 1 hit, 0 errors, 2 left on base; Quad Cities 0 - Delmarva 1
TOP OF THE 6TH
Quad Cities River Bandits batting - Pitching for Delmarva Shorebirds : RHP Jose Rico
Batting: RHB Steve Moore 0-0: Swinging Strike
0-1: Called Strike
0-2: Ball
1-2: Ground out 6-3 (Groundball, 56, EV 102.5 MPH)
Batting: LHB Kelvin Jones 0-0: Ball
1-0: Swinging Strike
1-1: Ball
2-1: Bunted foul
2-2: Foul Ball, location: 2F
2-2: Strikes out looking
Batting: LHB Doug Anderson 0-0: Called Strike
0-1: Swinging Strike
0-2: Strikes out looking
Top of the 6th over - 0 runs, 0 hits, 0 errors, 0 left on base; Quad Cities 0 - Delmarva 1
BOTTOM OF THE 6TH
Delmarva Shorebirds batting - Pitching for Quad Cities River Bandits : RHP Isaiah McLaurin
Batting: RHB Willie Manrique 0-0: Foul Ball, location: 2F
0-1: Ball
1-1: Called Strike
1-2: Ball
2-2: Ball
3-2: DOUBLE (Groundball, 5L, EV 105.6 MPH)
Batting: LHB Momoru Yasui 0-0: Intentional Walk
Batting: RHB Mario Luna 0-0: 3-RUN HOME RUN (Line Drive, 78XD, EV 103.8 MPH), Distance : 408 ft
Batting: RHB Julio Ehm 0-0: Foul Ball, location: 2F
0-1: Ground out 6-3 (Groundball, 6, EV 90.0 MPH)
Batting: LHB Rodolfo Montes 0-0: Ball
1-0: Ball
2-0: Ball
3-0: Base on Balls
Batting: LHB Pat Shaddock 0-0: Called Strike
0-1: Called Strike
Rodolfo Montes is caught stealing 2nd base 2-6
0-2: Ball
1-2: Foul Ball, location: 2F
1-2: Foul Ball, location: 2F
1-2: SINGLE (Groundball, 5D, EV 98.8 MPH)
Pitching: RHP Ray Leuthauser
Batting: RHB Francisco Viera 0-0: Called Strike
Pat Shaddock is caught stealing 2nd base 2-4
Bottom of the 6th over - 3 runs, 3 hits, 0 errors, 0 left on base; Quad Cities 0 - Delmarva 4
TOP OF THE 7TH
Quad Cities River Bandits batting - Pitching for Delmarva Shorebirds : RHP Jose Rico
Batting: SHB Troy Kenyon 0-0: SINGLE (Line Drive, 6M, EV 96.9 MPH)
Batting: LHB Angelo Vasquez 0-0: Foul Ball, location: 2F
0-1: Ball
1-1: Called Strike
1-2: Ball
2-2: Fly out, F9 (Flyball, 9D, EV 95.0 MPH)
Pitching: RHP Mike Wheeler
Batting: RHB Pete Isley 0-0: Ball
1-0: Foul Ball, location: 2F
1-1: Ball
2-1: Called Strike
2-2: Ball
3-2: SINGLE (Flyball, 8RS, EV 88.1 MPH)
Troy Kenyon to second
Batting: SHB Paskar Adegoke 0-0: Ball
1-0: Swinging Strike
1-1: Ball
2-1: SINGLE (Line Drive, 89S, EV 95.0 MPH)
Troy Kenyon to third
Pete Isley to second
Runner from 3rd tries for Home, throw by RF and OUT! 9-2
Batting: RHB Joe Cook 0-0: Called Strike
0-1: Ball
1-1: Ball
2-1: Foul Ball, location: 2F
2-2: Foul Ball, location: 2F
2-2: Ball
3-2: Ground out 4-3 (Groundball, 4, EV 108.8 MPH)
Top of the 7th over - 0 runs, 3 hits, 0 errors, 2 left on base; Quad Cities 0 - Delmarva 4
BOTTOM OF THE 7TH
Delmarva Shorebirds batting - Pitching for Quad Cities River Bandits : RHP Ray Leuthauser
Batting: RHB Francisco Viera 0-0: Ball
1-0: Ball
2-0: Ball
3-0: Base on Balls
Batting: LHB Andrew Erens 0-0: Ball
1-0: Called Strike
1-1: Fly out, F7 (Flyball, 7LD, EV 91.3 MPH)
Batting: RHB Dan Staggs 0-0: Ball
Francisco Viera is caught stealing 2nd base 2-4
1-0: Ball
2-0: Foul Ball, location: 2F
2-1: Ball
3-1: Base on Balls
Batting: RHB Willie Manrique 0-0: Called Strike
0-1: Ground out 1-3 (Groundball, 34S, EV 60.6 MPH)
Bottom of the 7th over - 0 runs, 0 hits, 0 errors, 1 left on base; Quad Cities 0 - Delmarva 4
TOP OF THE 8TH
Quad Cities River Bandits batting - Pitching for Delmarva Shorebirds : RHP Mike Wheeler
Pitching: RHP Elliot Monroe
Batting: RHB Colin Cranford 0-0: Ball
1-0: Ball
2-0: SINGLE (Groundball, 56D, EV 103.8 MPH)
Batting: RHB Steve Moore 0-0: Foul Ball, location: 2F
0-1: Ball
1-1: DOUBLE (Groundball, 5L, EV 103.8 MPH)
Colin Cranford to third
Runner from 3rd tries for Home, SAFE, throw by LF to trailing runner, SAFE at third!
Batting: LHB Kelvin Jones 0-0: Ball
1-0: Ball
2-0: Ball
3-0: Base on Balls
Batting: LHB Doug Anderson 0-0: Ball
1-0: Ball
2-0: Swinging Strike
2-1: Foul Ball, location: 2F
2-2: Strikes out swinging
Batting: SHB Troy Kenyon 0-0: SINGLE (Groundball, 56, EV 88.8 MPH) (infield hit)
Steve Moore scores
Kelvin Jones to second
Batting: LHB Angelo Vasquez 0-0: Ball
1-0: Ball
2-0: Called Strike
2-1: Called Strike
2-2: Strikes out swinging
Batting: RHB Pete Isley 0-0: Ball
1-0: Ball
2-0: Called Strike
2-1: Foul Ball, location: 2F
2-2: Foul Ball, location: 2F
2-2: Ball
3-2: Strikes out swinging
Top of the 8th over - 2 runs, 3 hits, 0 errors, 2 left on base; Quad Cities 2 - Delmarva 4
BOTTOM OF THE 8TH
Delmarva Shorebirds batting - Pitching for Quad Cities River Bandits : RHP Ray Leuthauser
Pitching: RHP Justin Coney
Batting: LHB Momoru Yasui 0-0: Ball
1-0: Ball
2-0: Ball
3-0: Called Strike
3-1: Base on Balls
Batting: RHB Mario Luna 0-0: Bunted foul
0-1: Bunted foul
0-2: Foul Ball, location: 2F
0-2: Ball
1-2: Foul Ball, location: 2F
1-2: Ball
2-2: Ball
3-2: Foul Ball, location: 2F
3-2: Base on Balls
Momoru Yasui to second
Batting: RHB Julio Ehm 0-0: Called Strike
0-1: Swinging Strike
0-2: Ball
1-2: Foul Ball, location: 2F
1-2: Strikes out looking
Pitching: RHP Tim Watson
Batting: LHB Rodolfo Montes 0-0: Called Strike
0-1: Foul Ball, location: 2F
0-2: Ball
1-2: Foul Ball, location: 2F
1-2: Ball
2-2: Foul Ball, location: 2F
2-2: SINGLE (Line Drive, 6MD, EV 96.3 MPH)
Momoru Yasui to third
Mario Luna to second
Batting: LHB Pat Shaddock 0-0: Ball
1-0: Ball
2-0: Ball
3-0: Called Strike
3-1: Foul Ball, location: 2F
3-2: Base on Balls
Momoru Yasui scores
Mario Luna to third
Rodolfo Montes to second
Batting: RHB Francisco Viera 0-0: Ball
1-0: Ball
2-0: Called Strike
2-1: Called Strike
2-2: Foul Ball, location: 2F
2-2: Grounds into double play, 4-2-3 (Groundball, 4, EV 91.3 MPH)
Bottom of the 8th over - 1 run, 1 hit, 0 errors, 2 left on base; Quad Cities 2 - Delmarva 5
TOP OF THE 9TH
Quad Cities River Bandits batting - Pitching for Delmarva Shorebirds : RHP Elliot Monroe
Pitching: LHP Mark Gehring
Batting: SHB Paskar Adegoke 0-0: Called Strike
0-1: Ball
1-1: Ball
2-1: Swinging Strike
2-2: SINGLE (Line Drive, 6MD, EV 96.3 MPH)
Batting: RHB Joe Cook 0-0: Ball
1-0: Called Strike
1-1: Called Strike
1-2: Strikes out swinging
Batting: RHB Colin Cranford 0-0: Called Strike
0-1: Ball
1-1: 2-RUN HOME RUN (Line Drive, 89XD, EV 101.9 MPH), Distance : 418 ft
Batting: RHB Steve Moore 0-0: Called Strike
0-1: Ball
1-1: Foul Ball, location: 2F
1-2: Foul Ball, location: 2F
1-2: Ball
2-2: Ball
3-2: Strikes out swinging
Pinch Hitting: RHB Raul Sanchez 0-0: Called Strike
0-1: Called Strike
0-2: Foul Ball, location: 2F
0-2: Foul Ball, location: 2F
0-2: Strikes out swinging
Top of the 9th over - 2 runs, 2 hits, 0 errors, 0 left on base; Quad Cities 4 - Delmarva 5
Thursday, March 31st , 2022 - OOTP Baseball 22.12 Build 89